AoeStats
← Inferno-_-

Black Forest

510341907Analyzed
4v4 RM · 1d ago on Sep 30, 2026· 56m 46s· 8 players
Game mode
Random Map
Map size
Large (8 player)
Population
200
Speed
Normal
Resources
Standard
Victory
Conquest
Starting age
Dark Age
Ending age
Imperial Age
RankedLock teamsTeams togetherTeam positionsShared explorationLock speedFull tech treeHidden civsTurbo modeCheats
Victory
Defeat
🇧🇷 Khmer · Brazil
1008
+15
🇨🇴 Persians · Colombia
963
+17
🇦🇷 Bohemians · Argentina
956
+17
🇮🇩 Turks · Indonesia
932
+18
🇩🇪 Bohemians · Germany
1059
-20
🇲🇽 Italians · Mexico
1002
-18
🇩🇪 Byzantines · Germany
978
-17
🇬🇧 Goths · United Kingdom
863
-12
LordSakayO
0:28 Loom
16:52 Feudal Age
21:53 Castle Age
20:34 Double-Bit Axe
20:40 Horse Collar
25:53 Bow Saw
29:59 Heavy Plow
33:19 Crossbowman
38:45 Imperial Age
36:21 Kamandaran
39:57 Wheelbarrow
41:06 Fletching
42:20 Ballistics
43:01 Chemistry
42:49 Caravan
43:14 Conscription
42:17 Elite War Elephant
43:47 Crop Rotation
44:20 Bodkin Arrow
44:36 Forging
44:32 Scale Barding Armor
47:20 Two-Man Saw
48:40 Chain Barding Armor
49:02 Iron Casting
52:32 Devotion
52:58 Thumb Ring
53:56 Blast Furnace
53:32 Plate Barding Armor
52:57 Padded Archer Armor
53:07 Husbandry
53:17 Bloodlines
Inferno-_-
6:07 Loom
12:54 Feudal Age
18:04 Castle Age
15:52 Double-Bit Axe
16:59 Wheelbarrow
17:02 Horse Collar
19:01 Bow Saw
22:15 Hand Cart
24:48 Fervor
24:59 Sanctity
32:49 Imperial Age
30:32 Forging
30:53 Caravan
32:55 Chemistry
32:15 Ballistics
32:23 Pikeman
33:04 Squires
32:24 Man-at-Arms
34:02 Fortified Wall
34:19 Ballistics
35:37 Long Swordsman
35:38 Halberdier
36:08 Elite Skirmisher
37:26 Conscription
37:35 Illumination
37:25 Block Printing
37:21 Redemption
37:47 Theocracy
37:14 Atonement
37:21 Fletching
37:32 Padded Archer Armor
38:08 Iron Casting
37:33 Scale Mail Armor
37:07 Two-Handed Swordsman
38:39 Hussite Reforms
38:39 Wagenburg Tactics
38:45 Wagenburg Tactics
39:19 Bodkin Arrow
39:40 Leather Archer Armor
39:04 Champion
39:20 Houfnice
42:30 Siege Engineers
43:00 Elite Hussite Wagon
43:48 Arson
45:55 Blast Furnace
45:10 Chain Mail Armor
44:56 Bracer
45:27 Ring Archer Armor
TT
2:22 Loom
17:52 Feudal Age
18:42 Town Watch
20:59 Castle Age
19:53 Horse Collar
20:02 Double-Bit Axe
25:09 Wheelbarrow
26:01 Bow Saw
28:36 Fletching
34:29 Imperial Age
35:26 Hand Cart
35:19 Double Crossbow
36:49 Chemistry
37:46 Ballistics
38:01 Heavy Scorpion
41:25 Murder Holes
41:55 Onager
44:51 Conscription
45:21 Siege Engineers
46:44 Caravan
46:40 Gold Mining
46:40 Stone Mining
48:08 Hoardings
53:46 Gold Shaft Mining
53:47 Stone Shaft Mining
ddmgsxis89228
0:56 Loom
10:52 Feudal Age
18:02 Castle Age
19:12 Double-Bit Axe
21:33 Bow Saw
27:10 Horse Collar
28:46 Wheelbarrow
31:50 Imperial Age
30:07 Hand Cart
30:37 Caravan
32:38 Ballistics
32:22 Padded Archer Armor
32:20 Town Watch
33:13 Bombard Tower
33:09 Masonry
33:18 Town Patrol
33:25 Gold Mining
33:26 Stone Mining
34:39 Two-Man Saw
35:03 Heavy Plow
35:42 Gold Shaft Mining
35:24 Artillery
35:45 Conscription
37:40 Scale Barding Armor
37:46 Forging
37:52 Leather Archer Armor
40:18 Elite Janissary
41:19 Bloodlines
41:48 Fletching
42:31 Ring Archer Armor
42:22 Chain Barding Armor
42:39 Iron Casting
quiquito45
0:34 Loom
14:03 Feudal Age
19:28 Castle Age
19:17 Wheelbarrow
18:33 Double-Bit Axe
19:21 Stone Mining
20:29 Bow Saw
28:45 Horse Collar
33:05 Gold Mining
33:51 Stone Shaft Mining
33:24 Heavy Plow
34:00 Stone Shaft Mining
34:22 Ballistics
34:13 Fortified Wall
33:57 Fletching
34:07 Padded Archer Armor
37:45 Imperial Age
36:04 Bodkin Arrow
36:25 Leather Archer Armor
37:24 Forging
38:07 Silk Road
38:15 Scale Mail Armor
40:29 Conscription
42:08 Chemistry
41:46 Bracer
42:17 Ring Archer Armor
42:25 Caravan
43:13 Scale Barding Armor
43:44 Iron Casting
44:45 Bombard Tower
44:48 Cavalier
45:29 Husbandry
45:39 Bloodlines
45:45 Murder Holes
47:59 Chain Barding Armor
47:45 Light Cavalry
49:12 Pikeman
49:53 Squires
49:38 Arson
50:23 Hussar
dpiddock77
0:30 Loom
15:47 Feudal Age
20:00 Castle Age
21:58 Wheelbarrow
27:14 Imperial Age
28:49 Double-Bit Axe
30:45 Capped Ram
33:26 Pikeman
34:07 Squires
34:23 Halberdier
38:36 Chemistry
44:20 Hand Cart
44:00 Elite Skirmisher
52:28 Onager
Maudi
0:31 Loom
11:10 Feudal Age
17:38 Castle Age
16:26 Double-Bit Axe
16:24 Horse Collar
18:48 Wheelbarrow
19:55 Fervor
22:57 Heavy Plow
25:39 Bow Saw
29:58 Imperial Age
27:50 Town Watch
29:11 Chemistry
29:06 Hand Cart
29:10 Fletching
29:46 Murder Holes
31:13 Squires
31:34 Bodkin Arrow
34:35 Siege Engineers
34:25 Arson
35:20 Houfnice
36:07 Pikeman
36:11 Elite Skirmisher
37:28 Conscription
37:30 Scale Mail Armor
37:41 Forging
38:04 Bracer
39:20 Padded Archer Armor
40:13 Wagenburg Tactics
43:06 Halberdier
45:27 Iron Casting
45:08 Chain Mail Armor
48:06 Plate Mail Armor
48:25 Ballistics
47:50 Arrowslits
53:36 Scale Barding Armor
54:32 Blast Furnace
54:19 Husbandry
53:40 Light Cavalry
Mr.Herzberg
0:27 Loom
13:01 Feudal Age
13:28 Double-Bit Axe
14:44 Horse Collar
21:19 Castle Age
20:00 Gold Mining
20:52 Stone Mining
30:40 Imperial Age
29:45 Stone Shaft Mining
30:47 Bow Saw
30:45 Heavy Plow
32:46 Wheelbarrow
36:38 Gold Shaft Mining
35:49 Heavy Camel Rider
36:30 Husbandry
37:55 Crop Rotation
39:27 Hand Cart
40:23 Chemistry
39:44 Ballistics
41:04 Scale Barding Armor
41:10 Forging
40:46 Elite Skirmisher
41:32 Thumb Ring
42:40 Bombard Tower
44:36 Chain Barding Armor
44:52 Iron Casting
44:08 Fletching
45:02 Padded Archer Armor
45:10 Light Cavalry
52:15 Hussar
Connection lost

Rejoining the realm…

Still unreachable

The connection could not be restored.

Session expired

The server has moved on; the page needs a fresh start.